 Dungeon Crawl Stone Soup version 0.28-a0-1485-g077359a4bf (webtiles) character file.

Game seed: 13674998213690711525

317 kae the Changer (level 6, -5/47 HPs)
             Began as a Draconian Transmuter on Jan 11, 2022.
             Slain by Dowan (6 damage)
             ... on level 3 of the Dungeon.
             The game lasted 00:02:28 (4604 turns).

kae the Changer (Draconian Transmuter)              Turns: 4604, Time: 00:02:29

Health: -5/47      AC:  2    Str: 13    XL:     6   Next: 20%
Magic:  9/11       EV: 19    Int: 15    God:
Gold:   189        SH:  0    Dex: 22    Spells: 3/11 levels left

rFire   . . .      SeeInvis .     - Unarmed
rCold   . . .      Faith    .   (shield currently unavailable)
rNeg    + . .      Spirit   .   (armour unavailable)
rPois   x          Reflect  .   (helmet currently unavailable)
rElec   .          Harm     .   (cloak currently unavailable)
rCorr   .          Rampage  .   (gloves currently unavailable)
Will    .....                   (boots currently unavailable)
Stlth   ++........              (no amulet)
HPRegen 0.15/turn               g - +6 ring of dexterity
MPRegen 0.12/turn               i - ring of positive energy

@: lethally poisoned (-5 -> -37), spider-form (expiring)
A: venomous fangs, AC +6, tiny, unfitting armour, (cold-blooded)
a: End Transformation


You were on level 3 of the Dungeon.
You were a venomous arachnid creature.
You visited 1 branch of the dungeon, and saw 4 of its levels.

You collected 189 gold pieces.

Inventory:

Hand Weapons
 b - a +0 spear (melded)
Armour
 a - a +0 cloak (melded)
Jewellery
 g - a +6 ring of dexterity (left front leg)
 i - a ring of positive energy (right front leg)
Scrolls
 e - a scroll of blinking {unknown}
Potions
 c - 4 potions of curing
 d - a potion of magic
 f - a potion of degeneration
 h - 2 potions of haste {unknown}


   Skills:
 - Level 1.1 Fighting
 - Level 1.7 Dodging
 - Level 3.0 Unarmed Combat
 + Level 3.4 Spellcasting
 * Level 4.8 Transmutations
 * Level 2.4 Ice Magic
 - Level 1.0 Poison Magic


You had 3 spell levels left.
You knew the following spells:

 Your Spells              Type           Power      Damage    Failure   Level
a - Beastly Appendage     Tmut           34%        N/A       10%         1
b - Spider Form           Tmut/Pois      11%        N/A       36%         3
c - Ice Form              Ice/Tmut       13%        N/A       61%         4

Your spell library contained the following spells:

 Spells                   Type           Power      Damage    Failure   Level
 Wereblood                Tmut           17%        N/A       12%         2


Dungeon Overview and Level Annotations

Branches:
Dungeon (4/15)
 Temple: D:4-7

Altars:

Annotations:
D:3 Dowan, Duvessa


Innate Abilities, Weirdness & Mutations

You are a venomous arachnid creature.
You have poisonous fangs.
You are tiny and dextrous.
Your spellcasting is less reliable in this form.
Your armour is entirely melded.
You are incapable of wielding weapons or throwing items.
((Your plain brown scales are hard. (AC +6)))
You cannot fit into any form of body armour.
((You are cold-blooded and may be slowed by cold attacks.))


Message History

You climb downwards.
Duvessa shouts!
Dowan shouts!
The kobold shouts!
You hear a shout!
There is a stone staircase leading up here.
There are monsters nearby!
There are monsters nearby!
There are monsters nearby!
There are monsters nearby!
Casting: Spider Form (dangerous; 17% risk of failure)
Confirm with . or Enter, or press ? or * to list all spells.
You turn into a venomous arachnid creature.
Your +0 spear melds into your body.
Your +0 cloak melds into your body.
Duvessa hits you with a +2 short sword of protection!
You hit Duvessa but do no damage.
A hobgoblin comes into view.
Duvessa closely misses you.
You hit the kobold but do no damage. Duvessa completely misses you.
The kobold closely misses you. Dowan barely misses you.
Duvessa completely misses you. The kobold completely misses you.
Dowan hits you with a +2 dagger of venom!
You are poisoned.
You climb upwards.
You feel very sick.
There is a stone staircase leading down here.
You see here a +0 short sword.
Okay, then.
Okay, then.
You completely miss the kobold.
Your transformation is almost over.
You feel sick. Duvessa misses you.
The kobold hits you with a +0 short sword.
Dowan hits you with a +2 dagger of venom.
You are lethally poisoned!
You hit the kobold.
You kill the kobold!
* * * LOW HITPOINT WARNING * * *
You feel extremely sick.
Duvessa hits you with a +2 short sword of protection.
* * * LOW HITPOINT WARNING * * *
Dowan hits you with a +2 dagger of venom.
You die...

.....♣ #.))# #........###......
.....♣##.### ###.####......#.##
.§....##.# ####.#[(.......#.#
.....♣#..# ###........#####...#
.÷...♣#.## #....#.#.### ##..#
....P♣#..# #......#.## #..#
P..P♣##..# #.........## #..#
#.#####..# ##.ee..##..#########
#........# ###.#s#####....)...###
#....)..)###...#.)# ########....
.............####.### ####...
..........#...###..)#######....##
............................####
.....####.####.######...###...###
.....####.# #...####.#..........
....#.....# ###......###########
...##.....# ####...#############


You could see Duvessa and Dowan.

Vanquished Creatures
  A hound (D:4)
  3 orc priests (D:3)
  3 orc wizards (D:3)
  3 adders
  A worm (D:2)
  A dart slug (D:2)
  12 orcs (D:3)
  5 endoplasms
  5 giant cockroaches
  5 goblins
  5 hobgoblins
  16 kobolds
  4 quokkas
  5 ball pythons
  7 bats
  5 frilled lizards
  5 rats
86 creatures vanquished.

Vanquished Creatures (others)
  13 demonic plants (D:3)
  9 fungi (D:3)
  32 plants (D:3)
  2 withered plants (D:3)
56 creatures vanquished.

Grand Total: 142 creatures vanquished

Notes
Turn   | Place    | Note
-------+----------+-------------------------------------------
     0 | D:1      | kae the Draconian Transmuter began the quest for the Orb.
     0 | D:1      | Reached XP level 1. HP: 16/16 MP: 3/3
   335 | D:1      | Reached XP level 2. HP: 23/23 MP: 5/5
   974 | D:2      | Reached skill level 3 in Transmutations
  1016 | D:2      | Reached XP level 3. HP: 11/28 MP: 4/6
  1020 | D:2      | Learned a level 3 spell: Spider Form
  2020 | D:2      | Reached skill level 1 in Poison Magic
  2424 | D:3      | Reached XP level 4. HP: 35/35 MP: 5/8
  2555 | D:3      | Reached skill level 4 in Transmutations
  2733 | D:3      | Learned a level 4 spell: Ice Form
  3046 | D:3      | Reached XP level 5. HP: 39/40 MP: 6/9
  3244 | D:3      | Reached skill level 1 in Ice Magic
  3799 | D:3      | Found a faded altar of an unknown god.
  3865 | D:3      | Reached XP level 6. HP: 34/47 MP: 8/11
  4596 | D:4      | Noticed Duvessa
  4596 | D:4      | Noticed Dowan
  4604 | D:3      | HP: 1/47 [Duvessa (6)]
  4604 | D:3      | Slain by Dowan

Illustrated notes

Levels and vault maps discovered:
D:1:      dpeg_arrival_arbitrary_b, layout_loops_ring
D:2:      layout_basic, minmay_ruptured
D:3:      layout_rooms, shapermc_ecumenical_altar_gd, lexackson_kobold_supper
D:4:      layout_cave_pods, uniq_grinder, uniq_duvessa

Skill      XL: |  1  2  3  4  5 |
---------------+----------------+-----
Transmutations | 3 4 |  4.8
Poison Magic   | 1 |  1.0
Spellcasting   | 3 |  3.4
Ice Magic      | 2 |  2.4
Fighting       | |  1.1
Dodging        | |  1.7
Unarmed Combat | |  3.0

Action                   |  1- 3 |  4- 6 || total
-------------------------+-------+-------++-------
Melee: Unarmed           |    22 |    82 ||   104
       Kick              |    17 |     3 ||    20
       Headbutt          |     9 |     3 ||    12
       Tailslap          |     8 |     5 ||    13
       Punch             |     3 |       ||     3
       Spear             |   122 |    34 ||   156
 Cast: Beastly Appendage |    30 |     6 ||    36
       Spider Form       |       |    13 ||    13
  Use: Scroll            |     3 |     2 ||     5
       Potion            |       |     1 ||     1
 Stab: Sleeping          |     1 |       ||     1
Armor: Skin              |    48 |    17 ||    65
Dodge: Dodged            |    92 |    89 ||   181

Table legend: (Time is in decaauts)
 A = Elapsed time spent in this place.
 B = Non-inter-level travel time spent in this place.
 C = Inter-level travel time spent in this place.
 D = Time resting spent in this place.
 E = Time spent auto-exploring this place.
 F = Levels seen in this place.
 G = Mean time per level.
                   A        B        C        D        E       F      G
               +--------+--------+--------+--------+--------+-----+--------+
         Total |   4616 |   4492 |    124 |      9 |   3767 |   4 | 1154.0 |
       Dungeon |   4616 |   4492 |    124 |      9 |   3767 |   4 | 1154.0 |
               +--------+--------+--------+--------+--------+-----+--------+

Top non-repeatable levels by time:
     D:3: 1893 daAuts
     D:2: 1307 daAuts
     D:1: 1117 daAuts
     D:4: 298 daAuts
